 Dungeon Crawl Stone Soup version 0.29-a0-1033-gb6c65ffae6 (webtiles) character file.

Game seed: 12644982364998167693

93035 greenreed the Bludgeoner (level 15, -2/216 HPs)
             Began as a Minotaur Berserker on Aug 14, 2022.
             Was a High Priest of Trog.
             Succumbed to Sonja's curare-tipped dart
             ... on level 4 of the Lair of Beasts.
             The game lasted 01:00:41 (16322 turns).

greenreed the Bludgeoner (Minotaur Berserker)      Turns: 16322, Time: 01:00:42

Health: -2/216     AC: 24    Str: 35    XL:     15   Next: 59%
Magic:  14/14      EV: 10    Int:  5    God:    Trog [*****.]
Gold:   488        SH: 14    Dex: 10    Spells: 14/14 levels left

rFire   . . .      SeeInvis +   r - +0 demon whip (flame)
rCold   . . .      Faith    .   q - +2 kite shield {reflect}
rNeg    . . .      Spirit   .   J - +0 plate armour
rPois   .          Reflect  +   b - +1 hat
rElec   .          Harm     .   f - +0 cloak
rCorr   +          Rampage  .   S - +0 pair of gloves of Benevolence {Str+3}
Will    +++..      Rage     3%  R - +2 pair of boots of Italub {-Tele rCorr Int+2}
Stlth   .......... NoTele   +   U - amulet of regeneration
HPRegen 2.26/turn               V - ring of flight
MPRegen 0.14/turn               h - ring of see invisible

@: berserking, lethally poisoned (-2 -> -11), marked, strong-willed, flying,
regenerating, slowed
A: horns 2, retaliatory headbutt, berserk 1, sense surroundings 1, strong 1
a: Renounce Religion, Berserk, Trog's Hand, Brothers in Arms


You were on level 4 of the Lair of Beasts.
You worshipped Trog.
Trog was extremely pleased with you.
You visited 2 branches of the dungeon, and saw 17 of its levels.
You visited 1 bazaar.
You also visited: Volcano.

You collected 1544 gold pieces.
You spent 1056 gold pieces at shops.

Inventory:

Hand Weapons
 a - a +0 eveningstar of flaming
 r - a +0 demon whip of flaming (weapon)
 A - a +0 vampiric morningstar
 T - a +7 antimagic great mace
Missiles
 t - 67 poisoned darts (quivered)
 H - a throwing net
 X - 3 curare-tipped darts
Armour
 b - a +1 hat (worn)
 f - a +0 cloak (worn)
 g - a +2 pair of boots of rampaging
 q - a +2 kite shield of reflection (worn)
 J - a +0 plate armour (worn)
 R - the +2 pair of boots of Italub (worn) {-Tele rCorr Int+2}
   (You bought it in a shop on level 8 of the Dungeon)

   Int:       It affects your intelligence (+2).
   -Tele:     It prevents most forms of teleportation.
   rCorr:     It protects you from acid and corrosion.
 S - the +0 pair of gloves of Benevolence (worn) {Str+3}
   (You found it on level 11 of the Dungeon)

   Str:       It affects your strength (+3).
Jewellery
 h - a ring of see invisible (right hand)
 s - a +6 ring of strength
 y - a +4 ring of evasion
 F - an amulet of the acrobat
 N - a ring of resist corrosion
 U - an amulet of regeneration (around neck)
 V - a ring of flight (left hand)
 W - a ring of positive energy
Wands
 k - a wand of charming (8)
 w - a wand of iceblast (14)
 C - a wand of flame (13)
 Y - a wand of polymorph (3)
Scrolls
 c - 9 scrolls of teleportation
 d - 5 scrolls of enchant weapon
 l - 4 scrolls of poison
 m - 3 scrolls of immolation
 u - 4 scrolls of magic mapping
 x - 3 scrolls of vulnerability
 B - 2 scrolls of amnesia
 E - a scroll of fear
 K - 4 scrolls of enchant armour
 M - 3 scrolls of noise
 O - 2 scrolls of blinking
 Q - a scroll of silence
Potions
 e - a potion of invisibility
 i - 2 potions of cancellation
 j - a potion of lignification
 n - a potion of flight
 o - 4 potions of haste
 p - 6 potions of might
 v - 6 potions of curing
 z - a potion of attraction {unknown}
 D - a potion of ambrosia
 G - a potion of heal wounds
 Z - a potion of resistance
Miscellaneous
 I - a condenser vane


   Skills:
 + Level 16.2 Fighting
 - Level 18.4 Maces & Flails
 + Level 14.2 Armour
 + Level 7.0 Dodging
 + Level 2.8 Stealth
 + Level 14.0 Shields


You had 14 spell levels left.
You didn't know any spells.
Your spell library contained the following spells:

 Spells                   Type           Power      Damage    Failure   Level
 Gell's Gravitas          Tloc           0%         N/A       100%        3
 Teleport Other           Tloc           0%         N/A       100%        3
 Dispersal                Tloc           0%         N/A       100%        6


Dungeon Overview and Level Annotations

Branches:
Dungeon (13/15)            Temple (0/1) D:4            Lair (4/5) D:11
 Shoals (0/4) Lair:2       Spider (0/4) Lair:2          Orc (0/2) D:11
 Vaults (0/5) D:13        Volcano (visited)
  Slime: Lair:4-5

Altars:
Fedhas
Gozag
Kikubaaqudgha
Makhleb
Ru
Trog
Uskayaw
Vehumet
Wu Jian
Xom

Shops:
D:2 (   D:8 *?[[(   D:9 =:[

Annotations:
Lair:4 Sonja


Innate Abilities, Weirdness & Mutations

You have a pair of horns on your head.
You reflexively headbutt those who attack you in melee.
You sometimes lose your temper in combat.
You passively map a small area around you.
Your muscles are strong. (Str +4, Int/Dex -1)


Message History

The fire crab claws you but does no damage.
The water moccasin barely misses you. You furiously retaliate!
You headbutt the water moccasin!! You thrash the fire crab!!
The fire crab is almost dead.
You feel very sick.
Sonja mumbles some strange words.
Sonja blinks!
A death yak comes into view.
The fire crab bites you.
* * * LOW HITPOINT WARNING * * *
You are engulfed in flames!
* * * LOW HITPOINT WARNING * * *
The fire crab barely misses you.
You whack the fire crab!
You kill the fire crab!
Trog accepts your kill.
You feel very sick. The water moccasin closely misses you.
You furiously retaliate!
You headbutt the water moccasin!
You kill the water moccasin!
Trog accepts your kill.
Sonja hits you with a +1 dagger of distortion.
* * * LOW HITPOINT WARNING * * *
Space warps horribly around you!
* * * LOW HITPOINT WARNING * * *
You block Sonja's attack. Sonja closely misses you.
Your Shields skill increases to level 14!
Unknown command.
You closely miss Sonja. Your headbutt misses Sonja.
You feel very sick. You block the yak's attack.
Sonja hits you but does no damage. Space warps horribly around you!!
* * * LOW HITPOINT WARNING * * *
Sonja hits you but does no damage. You block Sonja's attack.
You are too berserk!
Okay, then.
You are too berserk!
You barely miss Sonja. Your headbutt misses Sonja.
You die...

, ##.** #.........(((.
* * , #..#
##............
##...####.............
,
#.......#P...P###.#...
.##.......#..†.##
######
.?........##.###
,.#........#†#.#
......K...†.### ,
....§.†@.Y..#
..#...†.Y..P# *
............# , ,
......P......Y. * * ,
......PP##..#... ,
.....P######...#
##.#.# #### * ###.


You could see a death yak, 2 yaks and Sonja.

Vanquished Creatures
  Snorg (D:10)
  4 boulder beetles
  6 hydras
  An ogre mage (D:13)
  2 catoblepae
  Erica (D:7)
  8 two-headed ogres
  A centaur warrior (D:13)
  2 death yaks
  Urug (D:13)
  A deep elf knight (D:13)
  2 fire crabs
  5 skeletal warriors (D:13)
  Amaemon (Lair:2)
  3 deep elf zephyrmancers (D:13)
  A deep elf pyromancer (D:13)
  2 cyclopes (D:13)
  2 ugly things
  4 manticores
  5 elephants
  2 salamanders (Volcano)
  3 black mambas
  Joseph (D:8)
  4 torpor snails
  3 gargoyles
  An orange demon (Lair:2)
  4 centaur skeletons (D:13)
  12 cane toads
  Maggie (D:8)
  An unseen horror (D:13)
  Psyche (D:8)
  11 komodo dragons
  A kobold demonologist (D:11)
  3 trolls
  A polar bear (Lair:2)
  A hornet (D:9)
  14 slime creatures
  A dream sheep (Lair:2)
  8 blink frogs
  Grinder (D:3)
  3 shadows (D:10)
  A spriggan (Lair:2)
  5 wraiths
  4 fire bats (Volcano)
  27 yaks
  A vampire (D:12)
  8 wyverns
  4 basilisks
  3 steam dragons
  6 vampire mosquitoes (D:12)
  11 water moccasins
  Duvessa (D:4)
  A sky beast (D:7)
  3 black bears
  6 orc warriors
  An ice beast (D:8)
  5 ogres
  9 centaurs
  2 phantoms
  4 kobold brigands
  12 bullfrogs
  A gnoll sergeant (D:9)
  6 scorpions (Lair:2)
  3 necrophages
  12 wights
  Dowan (D:4)
  6 howler monkeys
  2 electric eels (D:6)
  A crimson imp (D:8)
  3 hounds
  15 orc priests
  A jelly (D:6)
  5 iguanas
  10 hell rats
  8 orc wizards
  7 gnolls
  4 adders
  A shadow imp (D:7)
  A white imp (D:7)
  6 worms
  A dart slug (D:1)
  50 orcs
  8 bats
  9 endoplasms
  4 giant cockroaches
  5 goblins
  8 hobgoblins
  7 jackals
  21 kobolds
  3 quokkas
  11 ball pythons
  7 frilled lizards
  9 rats
480 creatures vanquished.

Vanquished Creatures (collateral kills)
  Jorgrun (D:12)
  A fire dragon (Volcano)
  A two-headed ogre (D:11)
  A slime creature (D:13)
  An orc knight (D:11)
  9 orc warriors (D:11)
  2 ogres (D:11)
  A centaur (D:8)
  A gnoll sergeant (D:11)
  2 gnolls (D:11)
  14 orcs (D:11)
34 creatures vanquished.

Vanquished Creatures (others)
  A cane toad (Lair:4)
  A komodo dragon (Volcano)
  A kobold (D:3)
  8 fungi
  60 plants
71 creatures vanquished.

Grand Total: 585 creatures vanquished

Notes
Turn   | Place    | Note
-------+----------+-------------------------------------------
     0 | D:1      | greenreed the Minotaur Berserker began the quest for the
                  | Orb.
     0 | D:1      | Reached XP level 1. HP: 19/19 MP: 0/0
   130 | D:1      | Reached XP level 2. HP: 18/27 MP: 1/1
   276 | D:1      | Reached skill level 4 in Maces & Flails
   669 | D:2      | Found Tuapt's Antique Weapon Boutique.
   681 | D:2      | Found a shimmering altar of Xom.
   784 | D:2      | Reached XP level 3. HP: 33/33 MP: 2/2
  1238 | D:2      | Reached ** piety under Trog
  1419 | D:2      | Found a faded altar of an unknown god.
  1603 | D:2      | Reached XP level 4. HP: 8/41 MP: 3/3
  2204 | D:3      | Noticed Grinder
  2316 | D:3      | Reached skill level 5 in Maces & Flails
  2316 | D:3      | Reached XP level 5. HP: 42/47 MP: 4/4
  2791 | D:3      | Paralysed by Grinder for 2 turns
  2801 | D:3      | Killed Grinder
  2802 | D:3      | Reached skill level 5 in Fighting
  2802 | D:3      | Reached XP level 6. HP: 56/56 MP: 5/5
  3029 | D:4      | Reached *** piety under Trog
  3179 | D:4      | Found a staircase to the Ecumenical Temple.
  3276 | D:4      | Reached skill level 5 in Armour
  3276 | D:4      | Reached XP level 7. HP: 29/61 MP: 6/6
  3536 | D:4      | Reached skill level 6 in Maces & Flails
  3681 | D:4      | Noticed Duvessa
  3681 | D:4      | Noticed Dowan
  3688 | D:4      | Killed Duvessa
  3691 | D:4      | Killed Dowan
  4109 | D:5      | Entered Level 5 of the Dungeon
  4384 | D:5      | Reached skill level 7 in Maces & Flails
  4487 | D:5      | Reached XP level 8. HP: 62/70 MP: 7/7
  4762 | D:6      | Reached skill level 1 in Stealth
  4804 | D:6      | Reached skill level 8 in Maces & Flails
  5158 | D:6      | Reached skill level 9 in Maces & Flails
  5688 | D:6      | Identified the +4 short sword of Qeoheheb {speed, Dex+2}
  5823 | D:6      | Reached skill level 10 in Maces & Flails
  6022 | D:7      | Reached XP level 9. HP: 78/78 MP: 8/8
  6044 | D:6      | Reached **** piety under Trog
  6229 | D:7      | Reached skill level 11 in Maces & Flails
  6241 | D:7      | Reached skill level 5 in Dodging
  6378 | D:7      | Found an ornate altar of the Wu Jian Council.
  6621 | D:8      | Found Siuwy's Magic Scroll Shoppe.
  6627 | D:8      | Bought a scroll of identify for 24 gold pieces
  6627 | D:8      | Bought a scroll of identify for 24 gold pieces
  6627 | D:8      | Bought a scroll of identify for 24 gold pieces
  6647 | D:8      | Noticed Maggie
  6647 | D:8      | Noticed Erica
  6739 | D:7      | Killed Erica
  6740 | D:7      | Reached skill level 12 in Maces & Flails
  6934 | D:8      | Killed Maggie
  6935 | D:8      | Reached XP level 10. HP: 88/88 MP: 9/9
  7070 | D:8      | Found Nuosoij's General Store.
  7078 | D:8      | Bought a scroll of identify for 24 gold pieces
  7078 | D:8      | Bought a scroll of enchant armour for 90 gold pieces
  7100 | D:8      | Found a burning altar of Makhleb.
  7101 | D:8      | Found a shimmering altar of Xom.
  7121 | D:8      | Noticed a two-headed ogre
  7132 | D:8      | Killed a two-headed ogre
  7133 | D:8      | Reached skill level 13 in Maces & Flails
  7136 | D:8      | Found Cossygov's Weapon Shoppe.
  7154 | D:8      | Noticed Psyche
  7166 | D:8      | Killed Psyche
  7181 | D:8      | Found Ygidupnalerph's Antique Armour Shop.
  7202 | D:8      | Bought a runed buckler for 157 gold pieces
  7212 | D:8      | Found Dirphiegre's Antique Armour Shoppe.
  7264 | D:8      | Noticed Joseph
  7272 | D:8      | Killed Joseph
  7273 | D:8      | Reached skill level 10 in Armour
  7644 | D:9      | Found a sacrificial altar of Ru.
  7674 | D:9      | Found a radiant altar of Vehumet.
  7713 | D:9      | Found an opulent altar of Gozag.
  7716 | D:9      | Found a hide-covered altar of Uskayaw.
  7758 | D:9      | Found Ymidiq's Book Shoppe.
  7943 | D:9      | Reached skill level 14 in Maces & Flails
  8369 | D:9      | Found Utocycs's Armour Boutique.
  8447 | D:9      | Found Tiutaod's Jewellery Boutique.
  8575 | D:10     | Entered Level 10 of the Dungeon
  8665 | D:10     | Noticed Snorg
  8672 | D:10     | Killed Snorg
  8673 | D:10     | Reached skill level 1 in Shields
  8721 | D:8      | Bought a pair of smoking boots for 199 gold pieces
  8721 | D:8      | Identified the +2 pair of boots of Italub {-Tele rCorr
                  | Int+2} (You bought it in a shop on level 8 of the Dungeon)
  8801 | D:10     | Noticed a gargoyle
  8808 | D:10     | Killed a gargoyle
  8809 | D:10     | Reached XP level 11. HP: 95/95 MP: 10/10
  8893 | D:10     | Identified the +4 spear "Saumac" {antimagic, Will++ SInv}
  8926 | D:10     | Noticed a two-headed ogre
  8936 | D:10     | Killed a two-headed ogre
  9064 | D:10     | Found an ancient bone altar of Kikubaaqudgha.
  9269 | D:10     | Found a blossoming altar of Fedhas.
  9441 | D:11     | Found a staircase to the Lair.
  9492 | D:11     | Reached skill level 15 in Maces & Flails
  9496 | D:11     | Reached ***** piety under Trog
  9509 | D:11     | Identified the +0 pair of gloves of Benevolence {Str+3}
  9574 | D:11     | Identified the +5 long sword "Imuwupsi" {vorpal, rC+ Int-2
                  | Dex+5}
  9577 | D:11     | Gained mutation: You are somewhat resistant to further
                  | mutation. [potion of mutation]
  9578 | D:11     | Lost mutation: You are somewhat resistant to further
                  | mutation. [potion of mutation]
  9578 | D:11     | Gained mutation: Your mind is acute. (Int +4, Str/Dex -1)
                  | [potion of mutation]
  9579 | D:11     | Lost mutation: Your mind is acute. (Int +4, Str/Dex -1)
                  | [potion of mutation]
  9579 | D:11     | Gained mutation: You are strong-willed. (Will+) [potion of
                  | mutation]
  9579 | D:11     | Gained mutation: You are frail. (-10% HP) [potion of
                  | mutation]
  9580 | D:11     | Lost mutation: You are frail. (-10% HP) [potion of
                  | mutation]
  9580 | D:11     | Lost mutation: You are strong-willed. (Will+) [potion of
                  | mutation]
  9580 | D:11     | Gained mutation: You occasionally lose the ability to read
                  | scrolls when taking damage. [potion of mutation]
  9580 | D:11     | Gained mutation: You are dopey. (Int -2) [potion of
                  | mutation]
  9580 | D:11     | Gained mutation: You possess an exceptional clarity of
                  | mind. [potion of mutation]
  9581 | D:11     | Lost mutation: You possess an exceptional clarity of mind.
                  | [potion of mutation]
  9581 | D:11     | Lost mutation: You are dopey. (Int -2) [potion of mutation]
  9581 | D:11     | Lost mutation: You occasionally lose the ability to read
                  | scrolls when taking damage. [potion of mutation]
  9581 | D:11     | Gained mutation: Your muscles are strong. (Str +4, Int/Dex
                  | -1) [potion of mutation]
  9581 | D:11     | Gained mutation: You passively map a small area around you.
                  | [potion of mutation]
  9581 | D:11     | Gained mutation: You sometimes lose your temper in combat.
                  | [potion of mutation]
  9735 | D:11     | Noticed an orc knight
  9738 | D:11     | Killed an orc knight
  9750 | D:11     | Reached skill level 10 in Fighting
  9768 | D:11     | Received a gift from Trog
  9819 | D:11     | Found a staircase to the Orcish Mines.
  9969 | D:11     | Noticed a boulder beetle
  9975 | D:11     | Killed a boulder beetle
  9986 | D:11     | Noticed a two-headed ogre
  9993 | D:11     | Killed a two-headed ogre
  9994 | D:11     | Reached skill level 5 in Shields
 10035 | D:11     | Noticed a five-headed hydra
 10046 | D:11     | Killed a five-headed hydra
 10047 | D:11     | Reached skill level 16 in Maces & Flails
 10120 | D:11     | Noticed a two-headed ogre
 10128 | D:11     | Killed a two-headed ogre
 10172 | D:11     | Found a gateway to a bazaar.
 10328 | Bazaar   | Entered a bazaar
 10328 | Bazaar   | Found Rozoeme's General Store.
 10335 | Bazaar   | Found Nahip's Antique Armour Emporium.
 10343 | Bazaar   | Found Isaumum's Distillery.
 10354 | Bazaar   | Found Fukkiuxt's Jewellery Boutique.
 10377 | Bazaar   | Found Kengel Kaud's Antique Weapon Shoppe.
 10398 | Bazaar   | Bought a ring of flight for 297 gold pieces
 10483 | D:12     | Noticed Jorgrun
 10489 | D:12     | HP: 5/101 [constriction (14)]
 10491 | D:12     | Killed Jorgrun
 10492 | D:12     | Reached XP level 12. HP: 6/108 MP: 11/11
 10655 | D:12     | You fall into a shaft and drop 1 floor!
 10812 | D:13     | Reached skill level 17 in Maces & Flails
 10914 | D:13     | Noticed a centaur warrior
 11306 | D:12     | Identified the +0 leather armour "Duvvuan" {Rampage Int+4
                  | Dex-5}
 11316 | D:12     | Noticed a boulder beetle
 11335 | D:12     | Killed a boulder beetle
 11570 | D:13     | Noticed a catoblepas
 11587 | D:13     | Killed a catoblepas
 11646 | D:13     | Noticed a two-headed ogre
 11663 | D:13     | Killed a two-headed ogre
 11664 | D:13     | Reached XP level 13. HP: 119/119 MP: 12/12
 11685 | D:13     | Noticed Urug
 11694 | D:13     | Killed Urug
 12397 | D:13     | Found a gate to the Vaults.
 12588 | D:13     | Reached skill level 10 in Shields
 12607 | D:13     | Found a bloodstained altar of Trog.
 12631 | D:13     | Identified the +6 halberd of Zuuleics {venom, Drain rF+
                  | Str+4 Int+6}
 12812 | D:8      | Bought a runed hat for 217 gold pieces
 12900 | Lair:1   | Entered Level 1 of the Lair of Beasts
 12924 | Lair:1   | Found a dark tunnel.
 12929 | Volcano  | Entered a volcano
 12938 | Volcano  | Reached skill level 18 in Maces & Flails
 13252 | Volcano  | Noticed a fire dragon
 13264 | Volcano  | Killed a fire dragon
 13360 | Lair:1   | Reached XP level 14. HP: 133/133 MP: 13/13
 13476 | Lair:1   | Reached skill level 15 in Fighting
 13483 | Lair:1   | Reached XP level 15. HP: 141/141 MP: 14/14
 14359 | Lair:2   | Identified a scroll of acquirement
 14362 | Lair:2   | Acquired a +0 eveningstar of flaming
 14428 | Lair:2   | Found a hole to the Spider Nest.
 14454 | Lair:2   | Found a staircase to the Shoals.
 14580 | Lair:2   | Noticed Amaemon
 14596 | Lair:2   | Killed Amaemon
 14650 | Lair:2   | Received a gift from Trog
 16306 | Lair:4   | Noticed Sonja
 16321 | Lair:4   | HP: 1/216 [Sonja/+1 dagger of distortion (24)]
 16322 | Lair:4   | Succumbed to Sonja's curare-tipped dart

Illustrated notes

Levels and vault maps discovered:
D:1:      reono_arrival_forest_river, layout_rooms
D:2:      kennysheep_six_static_rooms, layout_loops_corners, basic_altar,
          serial_shops, shop, shapermc_ecumenical_altar_petra
D:3:      layout_rooms, kennysheep_generic_room_11, uniq_grinder
D:4:      layout_basic, minmay_temple_entry_antechambers,
          minmay_misc_feat_enclosed, minmay_fractal_squares_gapless_5,
          uniq_duvessa
D:5:      layout_rooms
D:6:      layout_gridville, serial_rivers, chequers_serial_rivers_micro_c,
          chequers_serial_rivers_small_b, chequers_serial_rivers_small_b,
          chequers_serial_rivers_large_a, chequers_serial_rivers_micro_e,
          chequers_serial_rivers_large_b, serial_bayou_lake_a
D:7:      layout_rooms, mainiacjoe_overflow_paths
D:8:      layout_basic, grunt_temple_overflow_champion_of_chaos, serial_shops,
          nicolae_shop_stone, shop, shop_statue, kennysheep_mini,
          shop_fountains, uniq_maggie, uniq_joseph, uniq_psyche, uniq_erica
D:9:      layout_gridville, kennysheep_little_box, marbit_many_paths,
          chequers_temple_overflow_statue_of_worship, serial_shops, shop,
          nicolae_square_shop, nicolae_shop_crystal
D:10:     layout_roguey, lemuel_crystal_altar, old_standard_altar, uniq_snorg
D:11:     layout_roguey [special_room_orc], lair_entry_dummy, hiddenorc2_lemuel,
          serial_shops, bzr_entry_gold
D:12:     layout_roguey, kennysheep_pointless_box, uniq_jorgrun
D:13:     layout_long_grid, hangedman_vaults_entry_quadrant_bands, tgw_trog,
          uniq_urug
Lair:1:   layout_cellular_growth, enter_volcano_4, minmay_shattered_shrine
Lair:2:   layout_cellular_growth, elwin_shoals_entry_rocks,
          nicolae_spider_entry_non_spiders, grunt_forest_large_clearing_hut,
          infiniplex_staircase_pool, uniq_amaemon
Lair:3:   layout_chaotic_city, grunt_megastairs_2, serial_bayou_shore_b
Lair:4:   layout_cave_pods, dpeg_slime_entry_corner, lemuel_fruit_tree,
          serial_bayou_shore_b, uniq_sonja

Skill      XL: |  1  2  3  4  5  6  7  8  9 10 11 12 13 14 15 |
---------------+----------------------------------------------+-----
Fighting       | 4 5 6 7 8 10 12 14 15 16 | 16.2
Maces & Flails | 4 5 7 10 12 14 16 17 18 | 18.4
Dodging        | 3 4 5 6 7 |  7.0
Armour         | 3 4 5 6 7 9 10 11 13 14 | 14.2
Stealth        | 1 2 |  2.8
Shields        | 1 6 8 11 14 | 14.0

Action                   |  1- 3 |  4- 6 |  7- 9 | 10-12 | 13-15 || total
-------------------------+-------+-------+-------+-------+-------++-------
Melee: Mace              |    72 |   116 |       |       |       ||   188
       Headbutt          |     9 |    19 |    25 |    83 |   165 ||   301
       Flail             |       |     5 |    50 |       |       ||    55
       Punch             |       |     1 |     1 |       |       ||     2
       Morningstar       |       |       |   149 |   397 |   382 ||   928
       Demon whip        |       |       |       |       |   223 ||   223
       Eveningstar       |       |       |       |       |    51 ||    51
Invok: Berserk           |       |     2 |     5 |     8 |     2 ||    17
       Trog's Hand       |       |     1 |     1 |       |     1 ||     3
       Brothers in Arms  |       |       |       |     7 |     1 ||     8
  Use: Scroll            |       |       |    16 |     5 |    10 ||    31
       Potion            |       |       |       |     5 |     1 ||     6
Armor: Animal skin       |     5 |       |       |       |       ||     5
       Scale mail        |    28 |    82 |    63 |     9 |       ||   182
       Plate armour      |       |       |       |   144 |   248 ||   392
Dodge: Dodged            |    45 |    83 |   152 |   267 |   213 ||   760
Block: Buckler           |       |       |       |    37 |       ||    37
       Kite shield       |       |       |       |   117 |   355 ||   472
       Reflection        |       |       |       |    14 |     1 ||    15

Table legend: (Time is in decaauts)
 A = Elapsed time spent in this place.
 B = Non-inter-level travel time spent in this place.
 C = Inter-level travel time spent in this place.
 D = Time resting spent in this place.
 E = Time spent auto-exploring this place.
 F = Levels seen in this place.
 G = Mean time per level.
                   A        B        C        D        E       F      G
               +--------+--------+--------+--------+--------+-----+--------+
         Total |  16593 |  15703 |    890 |    978 |  11162 |  19 |  873.3 |
       Dungeon |  13081 |  12315 |    766 |    818 |   8878 |  13 | 1006.2 |
          Lair |   3007 |   2883 |    124 |    111 |   2101 |   4 |  751.8 |
        Bazaar |    107 |    107 |      0 |      0 |     57 |   1 |  107.0 |
       Volcano |    396 |    396 |      0 |     47 |    126 |   1 |  396.0 |
               +--------+--------+--------+--------+--------+-----+--------+

Top non-repeatable levels by time:
     D:2: 1601 daAuts
    D:13: 1475 daAuts
     D:6: 1444 daAuts
     D:9: 1137 daAuts
     D:4: 1131 daAuts
  Lair:2: 1093 daAuts
    D:11: 1013 daAuts
  Lair:1: 974 daAuts
     D:7: 860 daAuts
    D:10: 832 daAuts
  Lair:3: 822 daAuts
    D:12: 798 daAuts
     D:3: 762 daAuts
     D:8: 733 daAuts
     D:1: 676 daAuts
